 Dungeon Crawl Stone Soup version 0.27.1-4-g1640c2035a (webtiles) character file.

Game seed: 6262267809088372520

3155 DearestLeader the Nimble (level 9, -7/71 HPs)
             Began as a Gnoll Gladiator on Nov 15, 2021.
             Was a Priest of Okawaru.
             Killed from afar by Erica (19 damage)
             ... with a lance of force
             ... on level 7 of the Dungeon.
             The game lasted 00:11:05 (7187 turns).

DearestLeader the Nimble (Gnoll Gladiator)          Turns: 7187, Time: 00:11:06

Health: -7/71      AC: 13    Str: 16    XL:     9   Next: 93%
Magic:  0/16       EV: 18    Int:  9    God:    Okawaru [***...]
Gold:   274        SH:  5    Dex: 13    Spells: 17/17 levels left

rFire    . . .     SeeInvis .   s - +2 hand axe (venom)
rCold    . . .     Faith    .   u - +0 buckler
rNeg     . . .     Spirit   +   p - +0 ring mail
rPois    .         Reflect  .   c - +0 helmet
rElec    .         Harm     .   D - +0 cloak
rCorr    .         Rampage  .   (no gloves)
Will     .....                  y - +0 pair of boots
Stlth    ++........             F - amulet of guardian spirit
HPRegen  0.21/turn              f - +4 ring of protection
MPRegen  0.15/turn              z - +4 ring of evasion

@: no status effects
A: fangs 1, strong nose, distributed training
a: Renounce Religion, Heroism


You were on level 7 of the Dungeon.
You worshipped Okawaru.
Okawaru was most pleased with you.
You visited 2 branches of the dungeon, and saw 9 of its levels.

You collected 370 gold pieces.
You spent 96 gold pieces at shops.

Inventory:

Hand Weapons
 a - a +0 war axe
 b - a +1 dagger of electrocution
 e - a +0 dagger of venom
 s - a +2 hand axe of venom (weapon)
 O - a +1 shortbow of flaming
Missiles
 d - 3 throwing nets
 i - 9 poisoned darts (quivered)
 P - 22 arrows
Armour
 c - a +0 helmet (worn)
 p - a +0 ring mail (worn)
 u - a +0 buckler (worn)
 y - a +0 pair of boots (worn)
 D - a +0 cloak (worn)
Jewellery
 f - a +4 ring of protection (left hand)
 l - an amulet of magic regeneration
 t - a +6 ring of strength
 z - a +4 ring of evasion (right hand)
 C - a ring of resist corrosion
 F - an amulet of guardian spirit (around neck)
 H - a +6 ring of strength
 N - a ring of see invisible
Wands
 B - a wand of paralysis (7)
Scrolls
 g - a scroll of enchant weapon {unknown}
 j - 3 scrolls of identify {unknown}
 k - 4 scrolls of noise {unknown}
 n - a scroll of summoning {unknown}
 o - 2 scrolls of amnesia {unknown}
 q - a scroll of fog {unknown}
 w - 4 scrolls of teleportation {unknown}
 A - a scroll of fear {unknown}
 E - a scroll of holy word {unknown}
 G - 3 scrolls of magic mapping {unknown}
 J - a scroll of brand weapon {unknown}
 K - a scroll of acquirement {unknown}
 L - a scroll of blinking {unknown}
Potions
 h - 4 potions of curing
 m - 4 potions of lignification {unknown}
 r - a potion of haste {unknown}
 v - a potion of flight {unknown}
 x - a potion of heal wounds
 I - 2 potions of brilliance {unknown}
 M - a potion of ambrosia {unknown}


   Skills:
 + Level 6.6 Fighting
 + Level 4.7 Short Blades
 + Level 4.7 Long Blades
 + Level 8.1 Axes
 + Level 4.7 Maces & Flails
 + Level 4.7 Polearms
 + Level 4.7 Staves
 + Level 4.7 Slings
 + Level 4.7 Bows
 + Level 4.7 Crossbows
 + Level 6.6 Throwing
 + Level 4.7 Armour
 + Level 8.1 Dodging
 + Level 4.7 Stealth
 + Level 4.7 Shields
 + Level 4.7 Unarmed Combat
 + Level 4.7 Spellcasting
 + Level 3.9 Conjurations
 + Level 3.9 Hexes
 + Level 3.9 Summonings
 + Level 3.9 Necromancy
 + Level 3.9 Translocations
 + Level 3.9 Transmutations
 + Level 3.9 Fire Magic
 + Level 3.9 Ice Magic
 + Level 3.9 Air Magic
 + Level 3.9 Earth Magic
 + Level 3.9 Poison Magic
 + Level 5.2 Invocations
 + Level 4.7 Evocations


You had 17 spell levels left.
You didn't know any spells.
Your spell library contained the following spells:

 Spells                   Type           Power      Damage    Failure   Level
 Animate Dead             Necr           4%         N/A       65%         4
 Haunt                    Necr/Summ      4%         N/A       100%        7
 Infestation              Necr           4%         N/A       100%        8


Dungeon Overview and Level Annotations

Branches:
Dungeon (8/15)             Temple (1/1) D:4
   Lair: D:8-11

Altars:
Ashenzari
Dithmenos
Elyvilon
Fedhas
Gozag
Hepliaklqana
Kikubaaqudgha
Makhleb
Nemelex Xobeh
Okawaru
Qazlal
Ru
Sif Muna
Trog
Vehumet
Wu Jian
The Shining One

Shops:
D:2 !   D:4 [

Annotations:
D:7 Erica


Innate Abilities, Weirdness & Mutations

You have very sharp teeth.
Your uncanny sense of smell can sniff out nearby items.
Your experience applies equally to all skills.


Message History

A nearby plant withers and dies.
The electric eel shoots out a bolt of lightning at you!
The bolt of electricity misses you.
The electric eel shoots out a bolt of lightning at you!
The bolt of electricity hits you! x2
There is a stone staircase leading up here.
Erica barely misses you.
The electric eel shoots out a bolt of lightning at you!
The bolt of electricity misses you. The bolt of electricity hits you.
You climb upwards.
There is a stone staircase leading down here.
You hit Erica.
Erica is lightly wounded.
Erica hits you with a +0 scimitar of flaming.
Erica burns you.
You slash Erica! Your bite misses Erica.
Erica is lightly wounded.
Erica hits you with a +0 scimitar of flaming.
* * * LOW HITPOINT WARNING * * *
Erica burns you.
* * * LOW HITPOINT WARNING * * *
You closely miss Erica. You bite Erica, but do no damage.
Erica is lightly wounded.
Erica barely misses you.
Unknown command.
You hit Erica.
Erica is poisoned.
Erica is moderately wounded.
Erica points at you and mumbles some strange words.
You resist with significant effort.
You slash Erica!
Erica looks as sick as possible!
You bite Erica, but do no damage.
Erica is moderately wounded.
Erica hits you with a +0 scimitar of flaming!
* * * LOW HITPOINT WARNING * * *
Erica burns you.
* * * LOW HITPOINT WARNING * * *
Erica says, "Fast and perfect.
Such is my way of killing."
Erica points at you and mumbles some strange words.
The lance of force hits you!!
You die...

.# ##.....###..# .#
##......###.#
####.....#.###.#########
#..#####.#.##..........#
#..'.# #.#..#).........#
#'#### #.##............#
#...## #.###...........#
#...# #.# ###.......###
#..†# ##.###....@...####
###†###..........>@#...#
#....#...#.....#)###...#
#.##.#......##....##...#
#.##.#........<........#
)))..#....##...##......#
#######...##.#.#####...#
#..## #......#.## #####
##..# #....###..#


You could see Erica (extremely poisoned).

Vanquished Creatures
  A boulder beetle (D:7)
  Sigmund (D:2)
  Menkaure (D:7)
  3 orc warriors
  2 black bears
  An ice beast (D:5)
  An ogre (D:4)
  A centaur (D:7)
  2 phantoms
  2 bullfrogs (D:7)
  4 scorpions
  4 killer bees (D:5)
  2 howler monkeys
  A bullfrog zombie (D:7)
  2 jellies
  2 gnoll shamans
  An orc priest (D:5)
  2 bullfrog skeletons
  Jessica (D:2)
  Ijyb (D:2)
  5 iguanas
  A hound skeleton (D:4)
  Robin (D:3)
  4 adders
  8 gnolls
  A shadow imp (D:7)
  An ufetubus (D:4)
  2 worms (D:2)
  2 dart slugs (D:1)
  38 orcs
  5 ball pythons
  7 bats
  4 endoplasms
  5 giant cockroaches
  20 goblins
  12 hobgoblins
  4 kobolds
  6 quokkas
  5 frilled lizards
  8 rats
174 creatures vanquished.

Vanquished Creatures (others)
  14 plants
14 creatures vanquished.

Grand Total: 188 creatures vanquished

Notes
Turn   | Place    | Note
-------+----------+-------------------------------------------
     0 | D:1      | DearestLeader the Gnoll Gladiator began the quest for the
                  | Orb.
     0 | D:1      | Reached XP level 1. HP: 20/20 MP: 1/1
    73 | D:1      | Reached XP level 2. HP: 22/26 MP: 2/2
   253 | D:1      | Reached XP level 3. HP: 30/31 MP: 3/3
   681 | D:1      | Reached skill level 1 in Invocations
  1138 | D:2      | Found a faded altar of an unknown god.
  1242 | D:2      | Reached skill level 1 in Short Blades
  1242 | D:2      | Reached skill level 1 in Long Blades
  1242 | D:2      | Reached skill level 1 in Maces & Flails
  1242 | D:2      | Reached skill level 1 in Polearms
  1242 | D:2      | Reached skill level 1 in Staves
  1242 | D:2      | Reached skill level 1 in Slings
  1242 | D:2      | Reached skill level 1 in Bows
  1242 | D:2      | Reached skill level 1 in Crossbows
  1242 | D:2      | Reached skill level 1 in Armour
  1242 | D:2      | Reached skill level 1 in Stealth
  1242 | D:2      | Reached skill level 1 in Shields
  1242 | D:2      | Reached skill level 1 in Unarmed Combat
  1242 | D:2      | Reached skill level 1 in Spellcasting
  1242 | D:2      | Reached skill level 1 in Evocations
  1308 | D:2      | Reached XP level 4. HP: 38/38 MP: 5/5
  1553 | D:2      | Noticed Sigmund
  1596 | D:2      | Killed Sigmund
  1597 | D:2      | Reached skill level 1 in Conjurations
  1597 | D:2      | Reached skill level 1 in Hexes
  1597 | D:2      | Reached skill level 1 in Summonings
  1597 | D:2      | Reached skill level 1 in Necromancy
  1597 | D:2      | Reached skill level 1 in Translocations
  1597 | D:2      | Reached skill level 1 in Transmutations
  1597 | D:2      | Reached skill level 1 in Fire Magic
  1597 | D:2      | Reached skill level 1 in Ice Magic
  1597 | D:2      | Reached skill level 1 in Air Magic
  1597 | D:2      | Reached skill level 1 in Earth Magic
  1597 | D:2      | Reached skill level 1 in Poison Magic
  1597 | D:2      | Reached XP level 5. HP: 34/43 MP: 5/7
  1597 | D:2      | Reached XP level 6. HP: 39/50 MP: 5/8
  1704 | D:2      | Found Nifozos's Distillery.
  1710 | D:2      | Bought a potion of curing for 33 gold pieces
  1923 | D:2      | Noticed Jessica
  1931 | D:2      | Killed Jessica
  2160 | D:3      | Found a shadowy altar of Dithmenos.
  2224 | D:3      | Found a broken altar of Ashenzari.
  2327 | D:3      | Reached skill level 5 in Fighting
  2327 | D:3      | Reached skill level 5 in Throwing
  2375 | D:3      | Noticed Robin
  2380 | D:3      | Noticed Ijyb
  2386 | D:3      | Paralysed by Ijyb for 3 turns
  2395 | D:3      | Paralysed by Ijyb for 5 turns
  2410 | D:2      | Killed Ijyb
  2484 | D:3      | Killed Robin
  3154 | D:3      | Found a white marble altar of Elyvilon.
  3404 | D:4      | Found a staircase to the Ecumenical Temple.
  3438 | Temple   | Entered the Ecumenical Temple
  3505 | Temple   | Became a worshipper of Warmaster Okawaru
  3538 | D:4      | Found Xahurhib's Armour Shoppe.
  3578 | D:4      | Bought a +0 buckler for 63 gold pieces
  3793 | D:4      | Reached XP level 7. HP: 52/56 MP: 10/10
  3968 | D:4      | Found a glowing golden altar of the Shining One.
  3968 | D:4      | Found a blossoming altar of Fedhas.
  3972 | D:4      | Found an ornate altar of the Wu Jian Council.
  4200 | D:5      | Entered Level 5 of the Dungeon
  4715 | D:5      | Reached * piety under Okawaru
  4716 | D:5      | Reached XP level 8. HP: 57/63 MP: 12/12
  5513 | D:6      | Found a shimmering blue altar of Sif Muna.
  5675 | D:6      | Found an opulent altar of Gozag.
  5691 | D:6      | Reached ** piety under Okawaru
  5711 | D:6      | Reached XP level 9. HP: 61/69 MP: 11/14
  5994 | D:7      | Noticed a boulder beetle
  6013 | D:7      | Killed a boulder beetle
  6329 | D:7      | Reached *** piety under Okawaru
  6330 | D:7      | Reached skill level 5 in Invocations
  6760 | D:7      | Noticed Menkaure
  6773 | D:7      | Killed Menkaure
  7171 | D:8      | Noticed Erica
  7187 | D:7      | Killed from afar by Erica

Illustrated notes

Levels and vault maps discovered:
D:1:      elethiomel_arrival_quiet, layout_loops_ring,
          chequers_serial_rivers_large_b, minmay_tall_x
D:2:      layout_rooms, ebering_ecumenical_altar_hall, serial_shops,
          nicolae_shop_waterfront, serial_forest,
          infiniplex_forest_clump_diagonal, infiniplex_forest_clump_tiny,
          infiniplex_forest_corner_2, infiniplex_forest_lined_3_way,
          infiniplex_forest_3_way, infiniplex_forest_clump_C,
          infiniplex_forest_clump_C, infiniplex_forest_clump_double,
          minmay_misc_feat_rugged, uniq_sigmund, uniq_jessica
D:3:      layout_loops_ring, mainiacjoe_overflow_alcove_1,
          nicolae_dithmenos_the_darkroom, lemuel_coloured_pillars_altar,
          minmay_misc_feat_x, uniq_robin, uniq_ijyb
D:4:      layout_rooms, minitemple, temple_pool_b, serial_shops, shop_fountains
D:5:      layout_loops_ring
D:6:      layout_rooms, grunt_gozag_statues, mainiacjoe_overflow_tiny_flanked,
          hangedman_decor_peaks_small
D:7:      minmay_clustersquares, layout_rooms, uniq_menkaure
D:8:      minmay_general_purpose_star, layout_basic, lemuel_tele_altar,
          serial_shops, nicolae_square_shop, chequers_big_river,
          minmay_joined_circles, uniq_erica, uniq_harold
Temple:   compressed_dpeg_triangle_lava_temple

Skill      XL: |  1  2  3  4  5  6  7  8  9 |
---------------+----------------------------+-----
Invocations    | 1 2 3 4 5 |  5.2
Short Blades   | 1 2 3 4 |  4.7
Long Blades    | 1 2 3 4 |  4.7
Maces & Flails | 1 2 3 4 |  4.7
Polearms       | 1 2 3 4 |  4.7
Staves         | 1 2 3 4 |  4.7
Slings         | 1 2 3 4 |  4.7
Bows           | 1 2 3 4 |  4.7
Crossbows      | 1 2 3 4 |  4.7
Armour         | 1 2 3 4 |  4.7
Stealth        | 1 2 3 4 |  4.7
Shields        | 1 2 3 4 |  4.7
Unarmed Combat | 1 2 3 4 |  4.7
Spellcasting   | 1 2 3 4 |  4.7
Evocations     | 1 2 3 4 |  4.7
Conjurations   | 1 2 3 |  3.9
Hexes          | 1 2 3 |  3.9
Summonings     | 1 2 3 |  3.9
Necromancy     | 1 2 3 |  3.9
Translocations | 1 2 3 |  3.9
Transmutations | 1 2 3 |  3.9
Fire Magic     | 1 2 3 |  3.9
Ice Magic      | 1 2 3 |  3.9
Air Magic      | 1 2 3 |  3.9
Earth Magic    | 1 2 3 |  3.9
Poison Magic   | 1 2 3 |  3.9
Fighting       | 5 6 |  6.6
Throwing       | 5 6 |  6.6
Axes           | 7 8 |  8.1
Dodging        | 7 8 |  8.1

Action                   |  1- 3 |  4- 6 |  7- 9 || total
-------------------------+-------+-------+-------++-------
Melee: War axe           |   101 |   134 |       ||   235
       Bite              |     7 |    21 |    32 ||    60
       Hand axe          |       |    36 |   285 ||   321
Throw: Dart              |     1 |       |       ||     1
Evoke: Wand              |       |     2 |     1 ||     3
  Use: Potion            |     2 |       |       ||     2
 Stab: Sleeping          |     2 |     2 |     3 ||     7
       Distracted        |       |     2 |       ||     2
Armor: Leather armour    |    43 |    11 |       ||    54
       Ring mail         |       |    73 |    75 ||   148
Dodge: Dodged            |    92 |   120 |   210 ||   422
Block: Buckler           |       |     6 |    64 ||    70
